 Dungeon Crawl Stone Soup version 0.23.0-3-gf3c87f2df8 (webtiles) character file.

Game seed: 14854402410935197767

480 Peloso the Slasher (level 6, -4/56 HPs)
             Began as a Minotaur Fighter on Feb 25, 2019.
             Killed by divine providence
             ... invoked by an orc priest
              (14 damage)
             ... on level 4 of the Dungeon.
             The game lasted 00:03:27 (2028 turns).

Peloso the Slasher (Minotaur Fighter)               Turns: 2028, Time: 00:03:29

Health: -4/56      AC:  7    Str: 21    XL:     6   Next: 86%
Magic:  5/5        EV:  8    Int:  5    God:
Gold:   156        SH: 10    Dex: 11    Spells: 5/5 levels left

rFire    . . .     SeeInvis .   a - +0 long sword
rCold    . . .     Gourm    .   c - +0 shield
rNeg     . . .     Faith    .   b - +0 scale mail
rPois    .         Spirit   .   (helmet restricted)
rElec    .         Reflect  .   (no cloak)
rCorr    .         Harm     .   (no gloves)
MR       .....                  (no boots)
Stlth    ..........             (no amulet)
HPRegen  0.18/turn              (no ring)
MPRegen  0.09/turn              (no ring)

@: lethally poisoned (-4 -> -5)
A: retaliatory headbutt, horns 2
a: no special abilities


You were on level 4 of the Dungeon.
You were hungry.

You visited 1 branch of the dungeon, and saw 4 of its levels.

You collected 156 gold pieces.

Inventory:

Hand Weapons
 a - a +0 long sword (weapon)
Armour
 b - a +0 scale mail (worn)
 c - a +0 shield (worn)
Jewellery
 i - an uncursed amulet of harm
Wands
 o - a wand of scattershot (9)
Scrolls
 e - 3 scrolls of enchant weapon {unknown}
 h - 4 scrolls of identify {unknown}
 j - a scroll of fear {unknown}
 k - a scroll of immolation {unknown}
 n - a scroll of enchant armour {unknown}
Potions
 d - a potion of might
 g - 2 potions of berserk rage {unknown}
 l - 3 potions of heal wounds {unknown}
 m - a potion of degeneration {unknown}
 p - a potion of flight {unknown}
 q - a potion of resistance {unknown}
Comestibles
 f - 2 rations


   Skills:
 + Level 5.2 Fighting
 + Level 5.4 Long Blades
 + Level 5.2 Armour
 + Level 1.6 Dodging
 + Level 0.4 Stealth
 + Level 5.3 Shields


You had 5 spell levels left.
You didn't know any spells.
Your spell library was empty.

Dungeon Overview and Level Annotations

Branches:
Dungeon (4/15)
 Temple: D:4-7

Altars:
Kikubaaqudgha
Ru
Sif Muna
Uskayaw


Innate Abilities, Weirdness & Mutations

You reflexively headbutt those who attack you in melee.
You have a pair of horns on your head.


Message History

You kill the orc priest!
The orc wizard gestures wildly while chanting.
The orc wizard flickers and vanishes!
Deactivating autopickup; reactivate with Ctrl-A.
You slash the orc priest!
The orc priest is severely wounded.
The orc priest looks satisfied for a moment.
You hit the orc priest.
You kill the orc priest!
You block the adder's attack.
You closely miss the adder. Your headbutt misses the adder.
The adder bites you.
* * * LOW HITPOINT WARNING * * *
You are poisoned.
The adder poisons you!
Unknown command.
You feel sick.
The orc priest mumbles some strange prayers to Beogh against you.
Beogh smites you!
You die...

#.# #...###..# ?#.##
. #.#.#<##..# .#..
............# ##...#
###.#.#.#...# #....#
# #....##...# #....
.. #.### #...#
#..##.# #.
#...####o....# #
#####...S).oo..#
[.....<@#####..#
..........# ....#
######.##.....#..o..
.. .##..#.#.#o ### #
.. # # .. ##


You could see an orc priest, an adder and 2 orcs.

Vanquished Creatures
  A phantom (D:3)
  A centaur (D:3)
  A bullfrog (D:3)
  2 orc priests (D:4)
  Natasha (D:2)
  2 worker ants (D:4)
  4 adders
  A howler monkey skeleton (D:4)
  2 worms
  2 dart slugs
  A leopard gecko (D:1)
  2 orcs (D:3)
  2 ball pythons
  7 bats
  5 giant cockroaches
  9 goblins
  7 hobgoblins
  3 jackals (D:3)
  6 kobolds
  A quokka (D:2)
  4 frilled lizards
  6 rats
70 creatures vanquished.

Notes
Turn   | Place    | Note
-------+----------+-------------------------------------------
     0 | D:1      | Peloso the Minotaur Fighter began the quest for the Orb.
     0 | D:1      | Reached XP level 1. HP: 19/19 MP: 0/0
   130 | D:1      | Reached XP level 2. HP: 27/27 MP: 1/1
   513 | D:2      | Reached XP level 3. HP: 21/33 MP: 2/2
   601 | D:2      | Found a sacrificial altar of Ru.
   799 | D:2      | Reached XP level 4. HP: 37/41 MP: 3/3
  1096 | D:2      | Noticed Natasha
  1099 | D:2      | Killed Natasha
  1205 | D:2      | Found a hide-covered altar of Uskayaw.
  1414 | D:3      | Noticed a bullfrog
  1422 | D:3      | Killed a bullfrog
  1422 | D:3      | Reached XP level 5. HP: 41/47 MP: 4/4
  1441 | D:3      | Noticed a phantom
  1464 | D:3      | Killed a phantom
  1464 | D:3      | Reached skill level 1 in Dodging
  1464 | D:3      | Reached XP level 6. HP: 40/55 MP: 5/5
  1535 | D:3      | Reached skill level 5 in Shields
  1564 | D:3      | Found a deep blue altar of Sif Muna.
  1698 | D:3      | Reached skill level 5 in Fighting
  1698 | D:3      | Reached skill level 5 in Long Blades
  1698 | D:3      | Reached skill level 5 in Armour
  1986 | D:4      | Found an ancient bone altar of Kikubaaqudgha.
  2028 | D:4      | Killed from afar by an orc priest

Skill      XL: |  1  2  3  4  5  6 |
---------------+-------------------+-----
Armour         | 4 5 |  5.2
Shields        | 4 5 |  5.3
Fighting       | 4 5 |  5.2
Long Blades    | 3 4 5 |  5.4
Dodging        | 1 |  1.6
Stealth        | |  0.4

Action                   |  1- 3 |  4- 6 || total
-------------------------+-------+-------++-------
Melee: Long sword        |    77 |   101 ||   178
       Headbutt          |    13 |    14 ||    27
  Eat: Chunk             |       |     3 ||     3
Armor: Scale mail        |    48 |    29 ||    77
Dodge: Dodged            |    26 |    29 ||    55
Block: Shield            |    49 |    57 ||   106
       Rpst.: Long sword |    12 |     7 ||    19
